[Event "Titled Tuesday Blitz May 4 2021"]
[White "Davtyan, David Arm."]
[Black "Wu, Christopher"]
[WhiteFideId "13310046"]
[BlackFideId "2040875"]
[WhiteElo "2028"]
[BlackElo "2606"]
[Result "1/2-1/2"]
[Round "04"]
[TimeControl "180+1"]
[Date "2021.05.04"]
[WhiteClock "0:00:04"]
[BlackClock "0:00:21"]

1. e4 c5 2. Nc3 d6 3. f4 g6 4. Nf3 Bg7 5. Bc4 Nc6 6. O-O e6 7. d4 cxd4 8. Nb5 Nge7 9. Bb3 O-O 10. Nbxd4 Nxd4 11. Nxd4 a6 12. Be3 b5 13. c3 Qc7 14. Bc2 e5 15. Nf3 Bg4 16. h3 Bxf3 17. Qxf3 exf4 18. Qxf4 Nc6 19. Bb3 Ne5 20. Bd5 Rac8 21. a4 Qd7 22. axb5 Qxb5 23. Qf2 h5 24. Bd4 Rc7 25. b4 Kh7 26. Ra5 Qd3 27. Rfa1 f5 28. Qf1 fxe4 29. Qxd3 exd3 30. Rd1 Rf5 31. Rxa6 Nc4 32. Bxg7 Ne3 33. Rxd3 Nxd5 34. Rxd6 Nf4 35. Rd7 Nxd3 36. Rxc7 Kg8 37. Bd4 Nf4 38. Re7 h4 39. b5 Nh5 40. b6 Ng3 41. Bf2 Rb5 42. Bxg3 hxg3 43. Re1 Rxb6 44. Kf1 Rb3 45. Re3 Rb1+ 46. Ke2 Rb2+ 47. Kf3 Kg7 48. Kxg3 Kf6 49. Rf3+ Kg5 50. Re3 Kf5 51. Rd3 Rc2 52. Rd5+ Ke4 53. Rc5 Rc1 54. Kg4 Rc2 55. g3 Rd2 56. h4 Rd6 57. Kg5 Kf3 58. g4 Re6 59. h5 gxh5 60. gxh5 Re1 61. Rf5+ Ke4 62. h6 Rg1+ 63. Kf6 Rh1 64. Kg6 Rxh6+ 65. Kxh6 Kxf5 66. Kh5 Ke5 67. Kh4 Kd5 68. Kg4 Kc4 69. Kf3 Kxc3 1/2-1/2


[Site "https://www.chess.com"]

[Event "Titled Tuesday Blitz May 4 2021"]
[White "Deac, Bogdan-Daniel"]
[Black "Fier, Alexandr"]
[WhiteFideId "1226380"]
[BlackFideId "2107139"]
[WhiteElo "2605"]
[BlackElo "2569"]
[Result "1-0"]
[Round "04"]
[TimeControl "180+1"]
[Date "2021.05.04"]
[WhiteClock "0:00:05"]
[BlackClock "0:00:11"]

1. e4 c5 2. Nf3 e6 3. d4 cxd4 4. Nxd4 Nf6 5. Nc3 Nc6 6. Qd3 Be7 7. Nxc6 bxc6 8. e5 Nd5 9. Qg3 g6 10. Bd3 Nxc3 11. bxc3 Qa5 12. Bd2 h5 13. c4 Bb4 14. Bxb4 Qxb4+ 15. Ke2 Ba6 16. Qf4 h4 17. g4 Qc5 18. Rab1 g5 19. Qxg5 Bxc4 20. Qf4 Bxd3+ 21. cxd3 Qc2+ 22. Qd2 Qxd2+ 23. Kxd2 Ke7 24. Rb7 a5 25. f4 h3 26. Ke3 a4 27. Rhb1 a3 28. R1b4 Ra5 29. Kf3 Rd5 30. Rb3 Ra8 31. R7b4 f6 32. exf6+ Kxf6 33. Kg3 Rh8 34. Rxa3 Rc5 35. Rc4 Rb5 36. Rb3 Ra5 37. a4 Rha8 38. Rb7 Rd5 39. d4 Rh8 40. Rbb4 Ra8 41. Rb7 Rh8 42. Kf3 Ke7 43. Rb3 Ra8 44. Kg3 Rda5 45. Kxh3 Rh8+ 46. Kg3 Kd6 47. h4 Kd5 48. Rbb4 Ke4 49. h5 Rd5 50. a5 Rxa5 51. d5+ Kxd5 52. Rd4+ Kc5 53. Rbc4+ Kb5 54. Rc3 d5 55. Rd2 c5 56. Re2 d4 57. Rc1 d3 58. Rxe6 c4 59. Re5+ Kb4 60. Rxa5 d2 61. Raa1 dxc1=Q 62. Rxc1 c3 63. Kh4 Kc4 64. g5 Kd3 65. g6 Kd2 66. Rh1 Re8 67. g7 c2 68. h6 Re1 69. Rxe1 Kxe1 70. g8=Q Kf2 71. Qc4 1-0


[Site "https://www.chess.com"]

[Event "Titled Tuesday Blitz May 4 2021"]
[White "Demin, Vladimir"]
[Black "Chyzy, Jakub"]
[WhiteFideId "4167457"]
[BlackFideId "21806209"]
[WhiteElo "2460"]
[BlackElo "2013"]
[Result "1-0"]
[Round "04"]
[TimeControl "180+1"]
[Date "2021.05.04"]
[WhiteClock "0:00:59"]
[BlackClock "0:00:01"]

1. e4 Nf6 2. e5 Nd5 3. Nc3 Nxc3 4. dxc3 d6 5. Bf4 Nc6 6. Bb5 e6 7. Qf3 Bd7 8. exd6 Bxd6 9. O-O-O a6 10. Bxc6 Bxc6 11. Qg3 Bxf4+ 12. Qxf4 Qe7 13. Nf3 O-O 14. Ne5 Bxg2 15. Rhg1 Bc6 16. Qd4 f6 17. Nxc6 bxc6 18. Qd7 Qxd7 19. Rxd7 Rf7 20. Rgd1 Re8 21. c4 c5 22. c3 g5 23. Kc2 h5 24. b4 Kf8 25. a4 f5 26. R7d3 g4 27. b5 a5 28. Re3 e5 29. Rd5 e4 30. Rxc5 f4 31. Re1 e3 32. fxe3 fxe3 33. Kd3 Rf3 34. Rxh5 e2+ 35. Kd2 Rf2 36. Rg5 Rxh2 37. Rxg4 Rd8+ 38. Rd4 Re8 39. c5 Kf7 40. c6 Kf6 41. Rd7 Re5 42. c4 Re4 43. Kd3 Re6 44. c5 Re5 45. b6 1-0


[Site "https://www.chess.com"]

[Event "Titled Tuesday Blitz May 4 2021"]
[White "Diaz Perez, Michel Alejandro"]
[Black "Alboredo, Julia"]
[WhiteFideId "3517179"]
[BlackFideId "2124807"]
[WhiteElo "2337"]
[BlackElo "2041"]
[Result "0-1"]
[Round "04"]
[TimeControl "180+1"]
[Date "2021.05.04"]
[WhiteClock "0:00:18"]
[BlackClock "0:00:33"]

1. d4 Nf6 2. Nf3 g6 3. Nc3 d5 4. Bg5 Bg7 5. e3 O-O 6. Bd3 c5 7. dxc5 Nc6 8. Bb5 Qa5 9. O-O a6 10. Be2 Rd8 11. Nd4 Qxc5 12. Nxc6 bxc6 13. Na4 Qa5 14. c3 c5 15. Rb1 Bd7 16. b4 Qxa4 17. Qc1 c4 18. Bf3 Qc6 19. Rd1 Bf5 20. Rb2 Bd3 21. Rbd2 Rd7 22. Rxd3 cxd3 23. Rxd3 Ne4 24. Bf4 Rc8 25. h4 Bxc3 26. Qa3 Bg7 27. h5 Qc1+ 28. Qxc1 Rxc1+ 29. Kh2 Nxf2 30. Rd2 e5 31. Bg3 e4 32. Be2 Rh1# 0-1


[Site "https://www.chess.com"]

[Event "Titled Tuesday Blitz May 4 2021"]
[White "Djordjevic, Vuk"]
[Black "Estrada Nieto, Julian"]
[WhiteFideId "902098"]
[BlackFideId "5101018"]
[WhiteElo "2463"]
[BlackElo "2270"]
[Result "1-0"]
[Round "04"]
[TimeControl "180+1"]
[Date "2021.05.04"]
[WhiteClock "0:01:22"]
[BlackClock "0:00:01"]

1. d4 d5 2. Bf4 Nf6 3. e3 c5 4. c3 Nc6 5. Nd2 cxd4 6. exd4 Bg4 7. Qb3 Qc8 8. Ngf3 e6 9. Ne5 Bd6 10. Bb5 Bxe5 11. Bxe5 O-O 12. h3 Bh5 13. g4 Bg6 14. Bxf6 gxf6 15. h4 e5 16. h5 Be4 17. f3 exd4 18. fxe4 dxe4 19. O-O-O e3 20. Ne4 Kh8 21. Nxf6 Qd8 22. g5 Rc8 23. Qc2 d3 24. Rxd3 Nb4 25. Rxd8 Nxc2 26. Rxf8+ 1-0


[Site "https://www.chess.com"]

[Event "Titled Tuesday Blitz May 4 2021"]
[White "Dogan, Mire Deniz"]
[Black "Selbes, Tarik"]
[WhiteFideId "6317456"]
[BlackFideId "6302513"]
[WhiteElo "1850"]
[BlackElo "2290"]
[Result "1-0"]
[Round "04"]
[TimeControl "180+1"]
[Date "2021.05.04"]
[WhiteClock "0:00:36"]
[BlackClock "0:00:21"]

1. d4 b6 2. c4 e6 3. Nc3 Bb7 4. e4 Bb4 5. f3 Ne7 6. Bd3 O-O 7. Ne2 d6 8. O-O c5 9. d5 Bxc3 10. Nxc3 e5 11. f4 exf4 12. Bxf4 Ng6 13. Qh5 a6 14. Rf3 Qe7 15. Rh3 h6 16. Bxh6 gxh6 17. Qxh6 Re8 18. Rf1 Bc8 19. Qh7+ Kf8 20. Rg3 Ra7 21. Rxg6 Qe5 22. Rg8+ Ke7 23. Qxf7+ 1-0


[Site "https://www.chess.com"]

[Event "Titled Tuesday Blitz May 4 2021"]
[White "Donatti, Alvaro"]
[Black "Araujo Filho, Luiz Antonio Coel"]
[WhiteFideId "3000303"]
[BlackFideId "2130661"]
[WhiteElo "2138"]
[BlackElo "2241"]
[Result "0-1"]
[Round "04"]
[TimeControl "180+1"]
[Date "2021.05.04"]
[WhiteClock "0:00:39"]
[BlackClock "0:01:31"]

1. e4 c6 2. d4 d5 3. exd5 cxd5 4. c4 Nf6 5. Nc3 Nc6 6. Nf3 e6 7. Bg5 Be7 8. Be2 O-O 9. O-O a6 10. c5 Ne4 11. Bxe7 Qxe7 12. Bd3 Nxc3 13. bxc3 e5 14. dxe5 Nxe5 15. Re1 Nxf3+ 16. Qxf3 Qxc5 17. Rab1 Rb8 18. Rb4 Be6 19. Rh4 g6 20. Qf6 Rbc8 21. Rxe6 fxe6 22. Qxe6+ Rf7 23. Bxg6 Qxf2+ 0-1


[Site "https://www.chess.com"]

[Event "Titled Tuesday Blitz May 4 2021"]
[White "Dong, Bao Nghia"]
[Black "Smith, Tom"]
[WhiteFideId "12400343"]
[BlackFideId "421820"]
[WhiteElo "2409"]
[BlackElo "2322"]
[Result "1-0"]
[Round "04"]
[TimeControl "180+1"]
[Date "2021.05.04"]
[WhiteClock "0:01:18"]
[BlackClock "0:00:13"]

1. d4 e6 2. c4 f5 3. Nc3 Bb4 4. Bf4 Nf6 5. Qb3 a5 6. a3 a4 7. Qc2 Bxc3+ 8. Qxc3 O-O 9. f3 d6 10. e3 Nc6 11. Rd1 Qe8 12. d5 e5 13. Bg5 Na5 14. Bd3 Nb3 15. Bc2 Nc5 16. Ne2 Qh5 17. h4 Nfd7 18. Ng3 Qg6 19. Nxf5 Rxf5 20. g4 Rxg5 21. Bxg6 Rxg6 22. g5 Nb6 23. f4 exf4 24. exf4 Bg4 25. O-O Bxd1 26. Rxd1 Rf8 27. h5 Rxf4 28. hxg6 Rg4+ 29. Kh2 Rxg5 30. gxh7+ Kxh7 31. Re1 Rh5+ 32. Kg3 Rg5+ 33. Kh4 Rg6 34. Qc2 Nbd7 35. Rg1 Ne5 36. Rxg6 Nxg6+ 37. Kh5 1-0


[Site "https://www.chess.com"]

[Event "Titled Tuesday Blitz May 4 2021"]
[White "Dowgird, Filip"]
[Black "Schut, Lisa"]
[WhiteFideId "1121235"]
[BlackFideId "1019481"]
[WhiteElo "2209"]
[BlackElo "2234"]
[Result "1-0"]
[Round "04"]
[TimeControl "180+1"]
[Date "2021.05.04"]
[WhiteClock "0:01:05"]
[BlackClock "0:00:06"]

1. d4 Nf6 2. Bf4 g6 3. Nc3 d5 4. e3 Bg7 5. Nf3 c5 6. dxc5 Nc6 7. Bb5 O-O 8. Bxc6 bxc6 9. Nd4 Qa5 10. Nb3 Qa6 11. Be5 Bf5 12. f3 Nd7 13. Bxg7 Kxg7 14. g4 Be6 15. Qd4+ f6 16. O-O-O Rfb8 17. h4 Qb7 18. h5 g5 19. h6+ Kf7 20. f4 Bxg4 21. Rdg1 e5 22. fxe5 Nxe5 23. Rxg4 Nxg4 24. Qxg4 Qe7 25. e4 d4 26. Nxd4 Qxc5 27. Qe6+ Kg6 28. Qf5+ Qxf5 29. exf5+ Kf7 30. Nxc6 Rc8 31. Nd4 Rc4 32. Ne6 Rb8 33. Rd1 Rcb4 34. b3 R4b7 35. Ne4 Ke7 36. N4c5 Rb5 37. Rd7+ Ke8 38. Rxh7 a5 39. Nc7+ 1-0


[Site "https://www.chess.com"]

[Event "Titled Tuesday Blitz May 4 2021"]
[White "Efremov, Vladislav"]
[Black "Jian, Alex"]
[WhiteFideId "44159935"]
[BlackFideId "30901022"]
[WhiteElo "2022"]
[BlackElo "2084"]
[Result "0-1"]
[Round "04"]
[TimeControl "180+1"]
[Date "2021.05.04"]
[WhiteClock "0:00:03"]
[BlackClock "0:00:02"]

1. d4 Nf6 2. c4 e6 3. Nf3 d5 4. Nc3 Be7 5. Bf4 O-O 6. e3 b6 7. Qc2 Bb7 8. Rd1 Nbd7 9. Bd3 a6 10. cxd5 exd5 11. O-O c5 12. dxc5 bxc5 13. Bf5 Nb6 14. e4 d4 15. e5 Nfd5 16. Bxh7+ Kh8 17. Nxd5 Nxd5 18. Bg3 Nb4 19. Qf5 g6 20. Qh3 Kg7 21. Bf4 g5 22. Nxg5 Bxg5 23. Qg4 Kxh7 24. Bxg5 Qb6 25. Qh5+ Kg7 26. Bf6+ Qxf6 27. exf6+ Kxf6 28. Qxc5 Rg8 29. f3 Nd5 30. Qxd4+ Ke6 31. Rfe1+ Kd7 32. Qb6 Rab8 33. Qc5 Rg5 34. h4 Rf5 35. Re7+ Kd8 36. Qd6+ Kc8 37. Qc7+ Nxc7 38. Rc1 Bc6 39. Rxc6 Rb7 40. b3 Rd5 41. Rxf7 Rd1+ 42. Kh2 Rd7 43. Rf8+ Rd8 44. Rf7 Rd7 45. Rxd7 Kxd7 46. Rg6 Rb5 47. g4 Ra5 48. a4 Rc5 49. h5 Ne6 50. h6 Rc8 51. g5 Ke7 52. Kg3 Kf7 53. Rf6+ Ke7 54. Kg4 Rg8 55. f4 a5 56. Kh4 Rh8 57. Kh5 Rg8 58. h7 Rh8 59. Kh6 Rd8 60. Rxe6+ Kxe6 61. g6 Kf6 62. g7 Rd1 63. g8=Q Rh1# 0-1


[Site "https://www.chess.com"]

[Event "Titled Tuesday Blitz May 4 2021"]
[White "Eggleston, Thomas A"]
[Black "de Leon, Patricia"]
[WhiteFideId "412139"]
[BlackFideId "3000273"]
[WhiteElo "2174"]
[BlackElo "1989"]
[Result "1-0"]
[Round "04"]
[TimeControl "180+1"]
[Date "2021.05.04"]
[WhiteClock "0:00:43"]
[BlackClock "0:00:01"]

1. e4 e6 2. d4 d5 3. exd5 exd5 4. c4 c6 5. Nc3 Bd6 6. Nf3 Bg4 7. cxd5 cxd5 8. Nxd5 Nc6 9. Be2 Bxh2 10. Nxh2 Bxe2 11. Qxe2+ Nge7 12. Nxe7 Qxe7 13. Qxe7+ Kxe7 14. Be3 Rad8 15. Nf3 Rhe8 16. O-O f6 17. Rfe1 Kf7 18. Rad1 Nb4 19. a3 Nd5 20. g3 h5 21. Nd2 g5 22. Nb1 Kg6 23. Nc3 Nb6 24. d5 Nc4 25. Bc1 Ne5 26. f4 Nf3+ 27. Kf2 Nxe1 28. Rxe1 Rxe1 29. Kxe1 Kf5 30. Kf2 gxf4 31. Bxf4 h4 32. Kf3 hxg3 33. Bxg3 a6 34. d6 Ke6 35. Ne4 b6 36. a4 Rc8 37. Ke3 f5 38. Ng5+ Kd7 39. Kd4 Rg8 40. Bf4 Rh8 41. Kd5 Rh4 42. Ke5 b5 43. axb5 axb5 44. Kxf5 Rh1 45. Ne4 Rb1 46. Nf6+ Kd8 47. Be5 Rf1+ 48. Ke6 b4 49. Nd5 Re1 50. Ne7 b3 51. Nc6+ Ke8 52. d7+ Kf8 53. d8=Q# 1-0


[Site "https://www.chess.com"]

[Event "Titled Tuesday Blitz May 4 2021"]
[White "Elgersma, Onno"]
[Black "Rzayev, Bahruz"]
[WhiteFideId "1053531"]
[BlackFideId "13403036"]
[WhiteElo "2486"]
[BlackElo "2331"]
[Result "1-0"]
[Round "04"]
[TimeControl "180+1"]
[Date "2021.05.04"]
[WhiteClock "0:00:16"]
[BlackClock "0:00:06"]

1. Nf3 Nc6 2. e4 e5 3. Bb5 a6 4. Ba4 Nf6 5. d3 b5 6. Bb3 Bc5 7. Nc3 d6 8. a3 Bg4 9. Be3 Nd4 10. Bxd4 Bxd4 11. h3 Bxf3 12. Qxf3 O-O 13. O-O c6 14. Rab1 g6 15. Ne2 Bb6 16. a4 Kg7 17. Ra1 Nh5 18. g4 Nf6 19. Qg3 Qe7 20. Kg2 d5 21. axb5 axb5 22. Rxa8 Rxa8 23. f4 exf4 24. Nxf4 g5 25. Nh5+ Nxh5 26. gxh5 Rf8 27. Qf3 dxe4 28. dxe4 f6 29. Qf5 Re8 30. h6+ Kxh6 31. Qxf6+ Qxf6 32. Rxf6+ Kg7 33. Rxc6 Bd4 34. c3 Be3 35. Bd5 Rf8 36. Rc7+ Kg6 37. e5 Rf2+ 38. Kg3 h6 39. Be4+ Kh5 40. Rg7 Rf6 41. exf6 1-0


[Site "https://www.chess.com"]

[Event "Titled Tuesday Blitz May 4 2021"]
[White "Elissalt Cardenas, Hector"]
[Black "Kusa, Jakub"]
[WhiteFideId "3500632"]
[BlackFideId "395595"]
[WhiteElo "2224"]
[BlackElo "2053"]
[Result "1-0"]
[Round "04"]
[TimeControl "180+1"]
[Date "2021.05.04"]
[WhiteClock "0:00:51"]
[BlackClock "0:00:33"]

1. d4 Nf6 2. c4 g6 3. Nc3 Bg7 4. e4 O-O 5. Be2 d6 6. Be3 e5 7. d5 a5 8. g4 Na6 9. h4 Ne8 10. h5 f5 11. hxg6 hxg6 12. gxf5 gxf5 13. exf5 Bxf5 14. Nf3 Nc5 15. Ng5 Nf6 16. Qd2 Nfe4 17. Ngxe4 Nxe4 18. Nxe4 Bxe4 19. Rg1 Qf6 20. O-O-O Rf7 21. Rg3 a4 22. Rdg1 a3 23. b3 Kh8 24. Bh5 Re7 25. Bg5 1-0


[Site "https://www.chess.com"]

[Event "Titled Tuesday Blitz May 4 2021"]
[White "Erden, Kadir"]
[Black "Tang, Andrew"]
[WhiteFideId "6305776"]
[BlackFideId "2059630"]
[WhiteElo "2563"]
[BlackElo "2907"]
[Result "0-1"]
[Round "04"]
[TimeControl "180+1"]
[Date "2021.05.04"]
[WhiteClock "0:00:02"]
[BlackClock "0:01:03"]

1. d4 d5 2. c4 e6 3. Nf3 Nf6 4. Nc3 Be7 5. Bg5 h6 6. Bh4 O-O 7. e3 b6 8. Rc1 Bb7 9. Bxf6 Bxf6 10. cxd5 exd5 11. Bd3 c5 12. O-O Nd7 13. Qa4 a6 14. Bf5 b5 15. Qd1 c4 16. a4 b4 17. Ne2 a5 18. b3 Nb6 19. Nf4 Re8 20. Re1 Qd6 21. Bb1 g6 22. h4 Bg7 23. h5 g5 24. Ne2 cxb3 25. Qxb3 Bc6 26. Ng3 Bxa4 27. Qd3 Bd7 28. Rc5 a4 29. Rec1 b3 30. Qh7+ Kf8 31. Nf5 Bxf5 32. Bxf5 b2 33. Rd1 a3 34. Rb5 Nc4 0-1


[Site "https://www.chess.com"]

[Event "Titled Tuesday Blitz May 4 2021"]
[White "Erdogdu, Mert"]
[Black "Shlyakhetsky, Vladimir"]
[WhiteFideId "6301495"]
[BlackFideId "2805928"]
[WhiteElo "2485"]
[BlackElo "2168"]
[Result "0-1"]
[Round "04"]
[TimeControl "180+1"]
[Date "2021.05.04"]
[WhiteClock "0:00:13"]
[BlackClock "0:00:09"]

1. e4 c5 2. Nf3 a6 3. c3 d6 4. d4 cxd4 5. cxd4 Nf6 6. Nc3 g6 7. h3 Bg7 8. Bd3 O-O 9. O-O b5 10. a3 Bb7 11. Bg5 Nc6 12. Qd2 Na5 13. Rad1 Re8 14. Bh6 Bh8 15. Rfe1 Rc8 16. Qf4 Nc4 17. Bxc4 Rxc4 18. Qh4 b4 19. axb4 Rxb4 20. Ng5 e6 21. e5 dxe5 22. Rxe5 Nh5 23. g4 Rxd4 24. Ree1 Nf4 25. Rxd4 Bxd4 26. Nce4 Nd3 27. Bf8 Kxf8 28. Qxh7 Bg7 29. Re3 Ne5 30. h4 Qd1+ 31. Kg2 Qxg4+ 32. Kh2 Bxe4 33. Rxe4 Nf3+ 34. Nxf3 Qxe4 35. Ng5 Qf4+ 36. Kg2 Rc8 37. Nf3 Rc2 38. h5 Qg4+ 39. Kf1 Qxf3 0-1


[Site "https://www.chess.com"]

[Event "Titled Tuesday Blitz May 4 2021"]
[White "Escalante Ramirez, Brian Sebasti"]
[Black "Demidov, Mikhail"]
[WhiteFideId "3819566"]
[BlackFideId "4197143"]
[WhiteElo "2630"]
[BlackElo "2845"]
[Result "1-0"]
[Round "04"]
[TimeControl "180+1"]
[Date "2021.05.04"]
[WhiteClock "0:00:05"]
[BlackClock "0:00:24"]

1. e4 c6 2. d4 d5 3. f3 e6 4. Nc3 Bb4 5. Ne2 b6 6. a3 Bxc3+ 7. Nxc3 Ne7 8. h4 Ba6 9. Bxa6 Nxa6 10. Qd3 Nc7 11. Bf4 Qd7 12. O-O-O O-O-O 13. h5 h6 14. g4 Kb7 15. Kb1 Nb5 16. Nxb5 cxb5 17. Be5 Rhg8 18. Rhe1 Rc8 19. Bg3 Nc6 20. Qxb5 Rgd8 21. exd5 Qxd5 22. Qxd5 Rxd5 23. c3 b5 24. Be5 Rg8 25. Kc2 a5 26. b3 g6 27. hxg6 Rxg6 28. Rh1 f5 29. c4 bxc4 30. bxc4 Rd7 31. gxf5 exf5 32. f4 a4 33. d5 Na5 34. c5 Ka6 35. c6 Nxc6 36. dxc6 Rxc6+ 37. Kb2 Rb7+ 38. Ka1 Rb3 39. Rd6 Rxa3+ 40. Kb2 Rb3+ 41. Ka2 Rxd6 42. Bxd6 Rb6 43. Rxh6 Kb5 44. Bf8 Rb7 45. Rf6 Kc4 46. Rxf5 Kd4 47. Bd6 Rd7 48. Be5+ Kc4 49. Ka3 Kb5 50. Bb2+ Kc4 51. Kxa4 Rb7 52. Ba3 Rb8 53. Rc5+ Kd4 54. Rc1 Ke4 55. Bd6 Rb6 56. Be5 Kf5 57. Rc5 Rb7 58. Rb5 Rd7 59. Kb4 Rd1 60. Rc5 Ke4 61. Kb5 Rb1+ 62. Kc6 Rc1 63. Rxc1 1-0


[Site "https://www.chess.com"]

[Event "Titled Tuesday Blitz May 4 2021"]
[White "Espinosa Veloz, Ermes"]
[Black "Urazayev, Arystanbek"]
[WhiteFideId "3507424"]
[BlackFideId "13709810"]
[WhiteElo "2558"]
[BlackElo "2810"]
[Result "0-1"]
[Round "04"]
[TimeControl "180+1"]
[Date "2021.05.04"]
[WhiteClock "0:00:06"]
[BlackClock "0:00:08"]

1. e4 e5 2. Nf3 Nc6 3. Bc4 Bc5 4. b4 Bxb4 5. c3 Be7 6. d4 Na5 7. Be2 d6 8. Qa4+ c6 9. O-O Nf6 10. dxe5 dxe5 11. Nxe5 O-O 12. Rd1 Qc7 13. Bf4 b5 14. Qc2 Qb6 15. a4 Be6 16. axb5 cxb5 17. Rxa5 Qxa5 18. Nc6 Qb6 19. Nxe7+ Kh8 20. Nd5 Bxd5 21. exd5 a5 22. d6 Rfd8 23. Bf3 Rac8 24. Be5 Nd7 25. Bd4 Qb8 26. Qf5 f6 27. Be4 Nf8 28. Bc5 b4 29. cxb4 axb4 30. d7 Qe5 31. Qxe5 fxe5 32. Bxb4 Rxd7 33. Re1 Rc4 34. Bxf8 Rxe4 35. Rf1 Kg8 36. Bc5 Re2 37. Be3 Rc2 38. g3 Kf7 39. Kg2 Rd3 40. Kf3 Ke6 41. Ke4 Rd7 42. Na3 Rc3 43. Nb5 Rc4+ 44. Kf3 Rd5 45. Rb1 h6 46. Na3 Rc3 47. Rb6+ Kf7 48. Nb5 Rc2 49. Nd6+ Kg8 50. Ke4 Ra5 51. Rb7 Kh7 52. Nf5 Kg6 53. Rxg7+ Kf6 54. Rg8 Ra4+ 55. Kf3 Rca2 56. Bxh6 Kxf5 57. Be3 e4+ 58. Kg2 R4a3 59. h4 Rxe3 60. Rf8+ Kg6 61. Re8 Rf3 62. Rxe4 Rfxf2+ 63. Kh3 Kf5 64. Rb4 Rh2# 0-1


[Site "https://www.chess.com"]

[Event "Titled Tuesday Blitz May 4 2021"]
[White "Eynullayev, Altay"]
[Black "Maung, Maung Kyaw Zaw Hein"]
[WhiteFideId "13413562"]
[BlackFideId "13001698"]
[WhiteElo "2079"]
[BlackElo "1785"]
[Result "1-0"]
[Round "04"]
[TimeControl "180+1"]
[Date "2021.05.04"]
[WhiteClock "0:00:24"]
[BlackClock "0:00:07"]

1. e4 c6 2. d4 d5 3. e5 Bf5 4. Bd3 Bxd3 5. Qxd3 e6 6. Ne2 Ne7 7. O-O Nd7 8. Nd2 a6 9. Nf3 c5 10. c3 Nc6 11. Bd2 Be7 12. a3 O-O 13. b4 cxb4 14. cxb4 Nb6 15. Bf4 Nc4 16. Nd2 b5 17. Nxc4 bxc4 18. Qc3 Qb6 19. Rab1 Rfb8 20. Ng3 g6 21. Rfd1 Qb5 22. Qc2 Qb6 23. Be3 Rb7 24. Ne2 Na7 25. Nc3 Rab8 26. Na4 Qc6 27. Nc5 Nb5 28. Ra1 Rb6 29. a4 Nc7 30. Bd2 Bxc5 31. bxc5 Rb2 32. Qc1 R8b3 33. Bc3 Qb7 34. Bxb2 Rxb2 35. Rb1 Rb3 36. Rxb3 cxb3 37. Qc3 a5 38. Rb1 Na6 39. Rxb3 1-0


[Site "https://www.chess.com"]

[Event "Titled Tuesday Blitz May 4 2021"]
[White "Ferro, Mario"]
[Black "Korkmaz, Necmettin"]
[WhiteFideId "810290"]
[BlackFideId "6303285"]
[WhiteElo "2261"]
[BlackElo "2094"]
[Result "0-1"]
[Round "04"]
[TimeControl "180+1"]
[Date "2021.05.04"]
[WhiteClock "0:00:01"]
[BlackClock "0:00:08"]

1. d4 d5 2. Nf3 Nf6 3. e3 c5 4. c4 cxd4 5. exd4 Nc6 6. Nc3 g6 7. cxd5 Nxd5 8. Bc4 Nb6 9. Bb3 Bg7 10. Be3 O-O 11. h3 Na5 12. O-O Nxb3 13. Qxb3 Be6 14. Qd1 Nd5 15. Ng5 Bf5 16. Qf3 Nxc3 17. bxc3 b6 18. Rfd1 Rc8 19. Rac1 Qd7 20. c4 h6 21. Ne4 Qa4 22. c5 Bxe4 23. Qxe4 bxc5 24. Qb7 e6 25. dxc5 Rc6 26. Rd7 a6 27. Rc7 Rxc7 28. Qxc7 Qxa2 29. c6 Qd5 30. Qd7 Rd8 0-1


[Site "https://www.chess.com"]

[Event "Titled Tuesday Blitz May 4 2021"]
[White "Flores Quillas, Diego Saul Rodri"]
[Black "Matsuura, Frederico"]
[WhiteFideId "3822508"]
[BlackFideId "2107848"]
[WhiteElo "2071"]
[BlackElo "2302"]
[Result "1-0"]
[Round "04"]
[TimeControl "180+1"]
[Date "2021.05.04"]
[WhiteClock "0:00:44"]
[BlackClock "0:00:39"]

1. e4 e6 2. d4 d5 3. Nc3 Bb4 4. e5 Qd7 5. Qg4 f5 6. Qg3 b6 7. h4 Ba6 8. Bxa6 Nxa6 9. Bd2 O-O-O 10. Nge2 Ne7 11. Qxg7 Rhg8 12. Qxh7 Rxg2 13. Nf4 Rg4 14. f3 Bxc3 15. bxc3 Rg3 16. Kf2 Rdg8 17. Rag1 Rxg1 18. Rxg1 Rxg1 19. Kxg1 Qb5 20. Qxe7 Qb1+ 21. Kf2 Qxc2 22. Qxe6+ Kb8 23. Qg8+ 1-0


[Site "https://www.chess.com"]

[Event "Titled Tuesday Blitz May 4 2021"]
[White "Gabdushev, Ruslan"]
[Black "Ibrayev, Nurlan"]
[WhiteFideId "4137833"]
[BlackFideId "13700650"]
[WhiteElo "2312"]
[BlackElo "2366"]
[Result "0-1"]
[Round "04"]
[TimeControl "180+1"]
[Date "2021.05.04"]
[WhiteClock "0:00:04"]
[BlackClock "0:00:06"]

1. b3 e5 2. Bb2 Nc6 3. e3 Nf6 4. Bb5 Bd6 5. Na3 Na5 6. Be2 Qe7 7. Nb5 O-O 8. Nh3 Nc6 9. O-O Re8 10. f4 exf4 11. Nxf4 Be5 12. Nc3 d6 13. Ncd5 Nxd5 14. Nxd5 Qd8 15. d4 Bf6 16. Nxf6+ gxf6 17. Bd3 Rxe3 18. Qh5 f5 19. Bc1 Rxd3 20. cxd3 Nxd4 21. Bb2 Qf6 22. Rae1 Be6 23. Kh1 c5 24. Rf4 Rc8 25. Ref1 h6 26. Qd1 Kh7 27. Qd2 Qg5 28. Qf2 Nc6 29. h4 Qg6 30. g4 fxg4 31. Rf6 Qh5 32. Rxe6 fxe6 33. Qf6 Qg6 34. Qf7+ Qxf7 35. Rxf7+ Kg6 36. Rf6+ Kh5 37. Rxe6 d5 38. Kg2 d4 39. Bc1 Rh8 40. Kg3 Nb4 41. Re5+ Kg6 42. h5+ Kf6 43. Rxc5 Nxd3 44. Rc4 Nxc1 45. Rxc1 Rd8 46. Kxg4 d3 47. Rd1 d2 48. Kf4 a5 49. a4 b6 50. Ke4 Kg5 51. Ke3 Kxh5 52. Ke2 Kg4 53. Rg1+ Kf4 54. Rf1+ Ke5 55. Rd1 h5 56. Ke3 h4 57. Ke2 h3 0-1


[Site "https://www.chess.com"]

[Event "Titled Tuesday Blitz May 4 2021"]
[White "Gaboyan, Susanna"]
[Black "Steil-Antoni, Fiona"]
[WhiteFideId "13303627"]
[BlackFideId "4001249"]
[WhiteElo "2135"]
[BlackElo "2059"]
[Result "1-0"]
[Round "04"]
[TimeControl "180+1"]
[Date "2021.05.04"]
[WhiteClock "0:00:30"]
[BlackClock "0:00:02"]

1. Nf3 d6 2. g3 e5 3. Bg2 f6 4. d3 Be6 5. c4 Qd7 6. Nxe5 fxe5 7. Bxb7 c6 8. Bxa8 Be7 9. Qa4 Nf6 10. Be3 a6 11. Qb3 O-O 12. Qb7 Qe8 13. Nc3 d5 14. cxd5 cxd5 15. Qb6 Bf7 16. Bg5 Nbd7 17. Qc7 Qxa8 18. Bxf6 Nxf6 19. Qxe7 d4 20. Ne4 Nxe4 21. dxe4 Qxe4 22. f3 Qe3 23. Qa3 Qh6 24. O-O Be6 25. Qd6 Rf6 26. Qxe5 Qd2 27. Rac1 Kf7 28. Rc7+ Kg6 29. h4 Bh3 30. Rfc1 1-0


[Site "https://www.chess.com"]

[Event "Titled Tuesday Blitz May 4 2021"]
[White "Gabrielian, Artur"]
[Black "Tabatabaei, M. Amin"]
[WhiteFideId "4131002"]
[BlackFideId "12521213"]
[WhiteElo "2539"]
[BlackElo "2555"]
[Result "0-1"]
[Round "04"]
[TimeControl "180+1"]
[Date "2021.05.04"]
[WhiteClock "0:00:42"]
[BlackClock "0:02:12"]

1. e4 c5 2. Nf3 e6 3. d4 cxd4 4. Nxd4 Nc6 5. Nc3 Qc7 6. Be3 a6 7. Bd3 b5 8. O-O Bb7 9. Re1 Ne5 10. a4 b4 11. Nce2 Nf6 12. Ng3 h5 13. f3 h4 14. Nf1 h3 15. g3 Bc5 16. Qd2 d5 17. Qf2 dxe4 18. Nb5 axb5 19. Bxb5+ Nfd7 20. Bxc5 Nxf3+ 21. Kh1 Nxe1 0-1


[Site "https://www.chess.com"]